MLB
NEW YORK YANKEES @ CHICAGO WHITE SOX
10/09/2046
 
TOP OF THE 1ST
New York Yankees batting - Pitching for Chicago White Sox : RHP Ricky Salas
Pitching: RHP Ricky Salas
Batting: LHB Jordan de Jesus 0-0: Bunted foul
0-1: Ball
1-1: Ball
2-1: Foul Ball, location: 2F
2-2: Ground out 5-3 (Groundball, 56S, EV 70.6 MPH)
Batting: RHB C.J. Richerson 0-0: Ball
1-0: SINGLE (Groundball, 4MD, EV 103.8 MPH)
Batting: SHB Bartholomeu Chambino 0-0: Called Strike
0-1: Foul Ball, location: 2F
0-2: Ball
1-2: Foul Ball, location: 2F
1-2: Strikes out looking
C.J. Richerson steals 2nd, throwing error, E2
C.J. Richerson to third
Batting: LHB Evan Torraville 0-0: Ball
1-0: Called Strike
1-1: Swinging Strike
1-2: Foul Ball, location: 2F
1-2: Fly out, F6 (Popup, 6MS, EV 55.6 MPH)
Top of the 1st over - 0 runs, 1 hit, 1 error, 1 left on base; New York 0 - Chicago 0
BOTTOM OF THE 1ST
Chicago White Sox batting - Pitching for New York Yankees : RHP Jason Greene
Pitching: RHP Jason Greene
Batting: LHB Sidney Pedder 0-0: Ball
1-0: Ball
2-0: Ball
3-0: Called Strike
3-1: Called Strike
3-2: Foul Ball, location: 2F
3-2: Ground out 4-3 (Groundball, 34D, EV 99.4 MPH)
Batting: SHB Cesar Herrera 0-0: Foul Ball, location: 2F
0-1: Ball
1-1: Called Strike
1-2: Foul Ball, location: 2F
1-2: Ball
2-2: Foul Ball, location: 2F
2-2: Ball
3-2: Strikes out swinging
Batting: LHB Randy Rosenberry 0-0: Swinging Strike
0-1: Ground out 6-3 (Groundball, 6, EV 78.8 MPH)
Bottom of the 1st over - 0 runs, 0 hits, 0 errors, 0 left on base; New York 0 - Chicago 0
TOP OF THE 2ND
New York Yankees batting - Pitching for Chicago White Sox : RHP Ricky Salas
Batting: LHB Jim Skare 0-0: Called Strike
0-1: SINGLE (Line Drive, 8RS, EV 108.8 MPH)
Batting: RHB Adriaan Pieters 0-0: Ball
1-0: Ball
2-0: Fielders Choice at 2nd, 5-4 (Groundball, 5L, EV 86.9 MPH)
Batting: LHB Jason Peck 0-0: Called Strike
0-1: DOUBLE (Line Drive, 78M, EV 98.1 MPH)
Adriaan Pieters to third
Batting: LHB Yao-pang Tien 0-0: Ground out U3 (Groundball, 3S, EV 84.4 MPH)
Batting: RHB Geni Prawiranega 0-0: Called Strike
0-1: DOUBLE (Line Drive, 78M, EV 103.1 MPH)
Adriaan Pieters scores
Jason Peck scores
Batting: LHB Jordan de Jesus 0-0: Ball
1-0: Foul Ball, location: 2F
1-1: Ground out U3 (Groundball, 34S, EV 77.5 MPH)
Top of the 2nd over - 2 runs, 3 hits, 0 errors, 1 left on base; New York 2 - Chicago 0
BOTTOM OF THE 2ND
Chicago White Sox batting - Pitching for New York Yankees : RHP Jason Greene
Batting: RHB Joseph Disepolo 0-0: Ball
1-0: Swinging Strike
1-1: Fly out, F8 (Flyball, 78XD, EV 96.9 MPH)
Batting: LHB Jack Christie 0-0: Ball
1-0: Ball
2-0: Fly out, F9 (Flyball, 9, EV 93.8 MPH)
Batting: RHB Chris Cooper 0-0: Ball
1-0: Called Strike
1-1: Foul Ball, location: 2F
1-2: Ball
2-2: Foul Ball, location: 2F
2-2: Fly out, F9 (Flyball, 9LS, EV 76.2 MPH)
Bottom of the 2nd over - 0 runs, 0 hits, 0 errors, 0 left on base; New York 2 - Chicago 0
TOP OF THE 3RD
New York Yankees batting - Pitching for Chicago White Sox : RHP Ricky Salas
Batting: RHB C.J. Richerson 0-0: Ball
1-0: Called Strike
1-1: Ground out 6-3 (Groundball, 6, EV 86.2 MPH)
Batting: SHB Bartholomeu Chambino 0-0: Ball
1-0: Ball
2-0: Swinging Strike
2-1: Foul Ball, location: 2F
2-2: Foul Ball, location: 2F
2-2: Ball
3-2: Fly out, F8 (Flyball, 8LS, EV 88.8 MPH)
Batting: LHB Evan Torraville 0-0: Ball
1-0: Swinging Strike
1-1: Ball
2-1: Foul Ball, location: 2F
2-2: SINGLE (Groundball, 25, EV 66.9 MPH) (infield hit)
Batting: LHB Jim Skare 0-0: Swinging Strike
0-1: SINGLE (Groundball, 34, EV 79.4 MPH) (infield hit)
Evan Torraville to second
Batting: RHB Adriaan Pieters 0-0: Ball
1-0: Called Strike
1-1: DOUBLE (Line Drive, 3D, EV 102.5 MPH)
Evan Torraville scores
Jim Skare to third
Batting: LHB Jason Peck 0-0: Foul Ball, location: 2F
0-1: Ball
1-1: Ball
2-1: Ball
3-1: Base on Balls
Batting: LHB Yao-pang Tien 0-0: Called Strike
0-1: Foul Ball, location: 2F
0-2: Fly out, F8 (Flyball, 8RXD, EV 101.9 MPH)
Top of the 3rd over - 1 run, 3 hits, 0 errors, 3 left on base; New York 3 - Chicago 0
BOTTOM OF THE 3RD
Chicago White Sox batting - Pitching for New York Yankees : RHP Jason Greene
Batting: SHB Junzo Kato 0-0: Ball
1-0: Called Strike
1-1: Ball
2-1: SOLO HOME RUN (Flyball, 89XD, EV 98.8 MPH), Distance : 401 ft
Batting: RHB Steve Castleberry 0-0: Ground out 4-3 (Groundball, 4, EV 82.5 MPH)
Batting: RHB Dieter Knoops 0-0: Ball
1-0: Ball
2-0: Called Strike
2-1: Ball
3-1: Foul Ball, location: 2F
3-2: Base on Balls
Batting: LHB Sidney Pedder 0-0: Called Strike
0-1: Fielders Choice at 2nd, 1-4 (Groundball, 15S, EV 65.6 MPH)
Batting: SHB Cesar Herrera 0-0: Ball
1-0: Ground out 1-3 (Groundball, 34S, EV 68.8 MPH)
Bottom of the 3rd over - 1 run, 1 hit, 0 errors, 1 left on base; New York 3 - Chicago 1
TOP OF THE 4TH
New York Yankees batting - Pitching for Chicago White Sox : RHP Ricky Salas
Batting: RHB Geni Prawiranega 0-0: Ball
1-0: Called Strike
1-1: Swinging Strike
1-2: Ball
2-2: Ground out 4-3 (Groundball, 6M, EV 84.4 MPH)
Batting: LHB Jordan de Jesus 0-0: Ball
1-0: Ball
2-0: Ball
3-0: Called Strike
3-1: Fly out, F9 (Flyball, 9S, EV 91.9 MPH)
Batting: RHB C.J. Richerson 0-0: Called Strike
0-1: Foul Ball, location: 2F
0-2: Ball
1-2: SINGLE (Groundball, 4MD, EV 99.4 MPH)
Batting: SHB Bartholomeu Chambino 0-0: Called Strike
0-1: Fly out, F7 (Flyball, 78D, EV 109.4 MPH)
Top of the 4th over - 0 runs, 1 hit, 0 errors, 1 left on base; New York 3 - Chicago 1
BOTTOM OF THE 4TH
Chicago White Sox batting - Pitching for New York Yankees : RHP Jason Greene
Batting: LHB Randy Rosenberry 0-0: Ball
1-0: Foul Ball, location: 2F
1-1: Ball
2-1: Ball
3-1: SINGLE (Groundball, 23, EV 70.0 MPH) (infield hit)
Batting: RHB Joseph Disepolo 0-0: Grounds into double play, 4-6-3 (Groundball, 4, EV 102.5 MPH)
Batting: LHB Jack Christie 0-0: Ball
1-0: Called Strike
1-1: Ball
2-1: Ball
3-1: Base on Balls
Pitching: RHP Dave Barry
Batting: RHB Chris Cooper 0-0: Ball
1-0: Ball
2-0: Ball
3-0: Base on Balls
Jack Christie to second
Batting: SHB Junzo Kato 0-0: Ball
1-0: Foul Ball, location: 2F
1-1: Ground out 4-3 (Groundball, 34, EV 104.4 MPH)
Bottom of the 4th over - 0 runs, 1 hit, 0 errors, 2 left on base; New York 3 - Chicago 1
TOP OF THE 5TH
New York Yankees batting - Pitching for Chicago White Sox : RHP Ricky Salas
Batting: LHB Evan Torraville 0-0: Ball
1-0: Ball
2-0: SINGLE (Groundball, 34D, EV 103.1 MPH)
Batting: LHB Jim Skare 0-0: Ball
1-0: Ball
Evan Torraville is caught stealing 2nd base 2-6
2-0: Called Strike
2-1: Foul Ball, location: 2F
2-2: Fly out, F4 (Popup, 34S, EV 69.4 MPH)
Batting: RHB Adriaan Pieters 0-0: Called Strike
0-1: Ball
1-1: Ball
2-1: Ball
3-1: SINGLE (Groundball, 5S, EV 66.2 MPH) (infield hit)
Batting: LHB Jason Peck 0-0: Called Strike
0-1: Ball
1-1: Foul Ball, location: 2F
1-2: Ball
2-2: Ball
3-2: SINGLE (Line Drive, 8RS, EV 89.4 MPH)
Adriaan Pieters to second
Adriaan Pieters to third
Batting: LHB Yao-pang Tien 0-0: Ball
1-0: Foul Ball, location: 2F
1-1: Called Strike
1-2: Ball
2-2: SINGLE (Groundball, 34D, EV 94.4 MPH)
Adriaan Pieters scores
Jason Peck to second
Runner from 2nd tries for 3rd, SAFE, throw by RF made to third
Batting: RHB Geni Prawiranega 0-0: Ball
1-0: Foul Ball, location: 2F
1-1: Called Strike
1-2: Ball
2-2: Ball
3-2: SINGLE (Groundball, 56D, EV 103.1 MPH)
Jason Peck scores
Yao-pang Tien to second
Yao-pang Tien to third
Batting: LHB Jordan de Jesus 0-0: Called Strike
0-1: Foul Ball, location: 2F
0-2: Ball
1-2: Foul Ball, location: 2F
1-2: Foul Ball, location: 2F
1-2: Ball
2-2: Strikes out swinging
Top of the 5th over - 2 runs, 5 hits, 0 errors, 2 left on base; New York 5 - Chicago 1
BOTTOM OF THE 5TH
Chicago White Sox batting - Pitching for New York Yankees : RHP Dave Barry
Batting: RHB Steve Castleberry 0-0: Ball
1-0: Fly out, F9 (Flyball, 89M, EV 92.5 MPH)
Batting: RHB Dieter Knoops 0-0: SINGLE (Line Drive, 78M, EV 98.1 MPH)
Batting: LHB Sidney Pedder 0-0: Ball
1-0: Foul Ball, location: 2F
1-1: Foul Ball, location: 2F
1-2: DOUBLE (Flyball, 8LD, EV 88.8 MPH)
Dieter Knoops to third
Runner from 3rd tries for Home, throw by CF and OUT! 8-6-2
Batting: SHB Cesar Herrera 0-0: Ball
1-0: Ball
2-0: Fly out, F8 (Flyball, 8LD, EV 97.5 MPH)
Bottom of the 5th over - 0 runs, 2 hits, 0 errors, 1 left on base; New York 5 - Chicago 1
TOP OF THE 6TH
New York Yankees batting - Pitching for Chicago White Sox : RHP Ricky Salas
Batting: RHB C.J. Richerson 0-0: Called Strike
0-1: Ball
1-1: Called Strike
1-2: Ground out 6-3 (Groundball, 6, EV 107.5 MPH)
Pitching: RHP Ryan Columbo
Batting: SHB Bartholomeu Chambino 0-0: Ball
1-0: Swinging Strike
1-1: Foul Ball, location: 2F
1-2: Strikes out swinging
Batting: LHB Evan Torraville 0-0: Called Strike
0-1: Ball
1-1: Called Strike
1-2: Foul Ball, location: 2F
1-2: Strikes out swinging
Top of the 6th over - 0 runs, 0 hits, 0 errors, 0 left on base; New York 5 - Chicago 1
BOTTOM OF THE 6TH
Chicago White Sox batting - Pitching for New York Yankees : RHP Dave Barry
Batting: LHB Randy Rosenberry 0-0: Called Strike
0-1: Ball
1-1: Ball
2-1: Ball
3-1: Swinging Strike
3-2: Base on Balls
Batting: RHB Joseph Disepolo Pickoff Play to 1st, Runner tries for 2nd, SAFE after rundown.
0-0: Foul Ball, location: 2F
0-1: Foul Ball, location: 2F
0-2: SINGLE (Line Drive, 7LS, EV 95.0 MPH)
Randy Rosenberry to third
Runner from 3rd tries for Home, SAFE, throw by LF to home
Pitching: LHP Joel Pacheco
Batting: LHB Jack Christie 0-0: Ball
1-0: Called Strike
1-1: Foul Ball, location: 2F
1-2: Strikes out swinging
Batting: RHB Chris Cooper 0-0: Called Strike
0-1: Ball
Joseph Disepolo is caught stealing 2nd base 2-4
1-1: Foul Ball, location: 2F
1-2: Strikes out swinging
Bottom of the 6th over - 1 run, 1 hit, 0 errors, 0 left on base; New York 5 - Chicago 2
TOP OF THE 7TH
New York Yankees batting - Pitching for Chicago White Sox : RHP Ryan Columbo
Pitching: LHP Ryan Daidone
Batting: LHB Jim Skare 0-0: Ball
1-0: Fly out, F8 (Flyball, 8LXD, EV 101.9 MPH)
Batting: RHB Adriaan Pieters 0-0: Ball
1-0: Ball
2-0: SINGLE (Line Drive, 4D, EV 97.5 MPH)
Batting: LHB Jason Peck 0-0: Ball
1-0: Foul Ball, location: 2F
1-1: Foul Ball, location: 2F
1-2: Ball
2-2: Ball
3-2: Grounds out, U3 (Groundball, 3L, EV 108.8 MPH)
Batting: LHB Yao-pang Tien 0-0: Ball
1-0: Ball
2-0: Called Strike
2-1: Ground out 6-3 (Groundball, 4M, EV 106.2 MPH)
Top of the 7th over - 0 runs, 1 hit, 0 errors, 1 left on base; New York 5 - Chicago 2
BOTTOM OF THE 7TH
Chicago White Sox batting - Pitching for New York Yankees : LHP Joel Pacheco
Batting: SHB Junzo Kato 0-0: Foul Ball, location: 2F
0-1: Called Strike
0-2: Ball
1-2: Ball
2-2: Foul Ball, location: 2F
2-2: Foul Ball, location: 2F
2-2: SINGLE (Groundball, 3D, EV 95.0 MPH)
Batting: RHB Steve Castleberry 0-0: Ball
1-0: Swinging Strike
1-1: Ball
2-1: Foul Ball, location: 2F
2-2: Strikes out swinging
Batting: RHB Dieter Knoops 0-0: Ball
Wild Pitch!
Junzo Kato to second
1-0: Called Strike
1-1: Ball
2-1: Ball
3-1: Swinging Strike
3-2: Ground out 4-3 (Groundball, 4, EV 87.5 MPH)
Junzo Kato to third
Batting: LHB Sidney Pedder 0-0: Ball
1-0: Called Strike
1-1: Ball
Steal of home, Junzo Kato is out
Bottom of the 7th over - 0 runs, 1 hit, 0 errors, 0 left on base; New York 5 - Chicago 2
TOP OF THE 8TH
New York Yankees batting - Pitching for Chicago White Sox : LHP Ryan Daidone
Pitching: LHP Josh Vaca
Batting: RHB Geni Prawiranega 0-0: Called Strike
0-1: Ball
1-1: Foul Ball, location: 2F
1-2: Strikes out swinging, 2-3 out at first.
Batting: LHB Jordan de Jesus 0-0: Called Strike
0-1: Called Strike
0-2: Ball
1-2: Strikes out swinging
Batting: RHB C.J. Richerson 0-0: Called Strike
0-1: Ground out 5-3 (Groundball, 56, EV 81.2 MPH)
Top of the 8th over - 0 runs, 0 hits, 0 errors, 0 left on base; New York 5 - Chicago 2
BOTTOM OF THE 8TH
Chicago White Sox batting - Pitching for New York Yankees : LHP Joel Pacheco
Pitching: RHP Isaias Chavez
Batting: LHB Sidney Pedder 0-0: Called Strike
0-1: Ball
1-1: Called Strike
1-2: Ball
2-2: Strikes out swinging
Batting: SHB Cesar Herrera 0-0: Ball
1-0: Ball
2-0: Called Strike
2-1: Foul Ball, location: 2F
2-2: Foul Ball, location: 2F
2-2: Ground out 4-3 (Groundball, 4D, EV 105.0 MPH)
Batting: LHB Randy Rosenberry 0-0: Ball
1-0: Called Strike
1-1: Called Strike
1-2: Ball
2-2: Foul Ball, location: 2F
2-2: Strikes out swinging
Bottom of the 8th over - 0 runs, 0 hits, 0 errors, 0 left on base; New York 5 - Chicago 2
TOP OF THE 9TH
New York Yankees batting - Pitching for Chicago White Sox : LHP Josh Vaca
Batting: SHB Bartholomeu Chambino 0-0: SINGLE (Groundball, 34D, EV 104.4 MPH)
Batting: LHB Evan Torraville 0-0: Ball
1-0: Foul Ball, location: 2F
1-1: Ball
2-1: Fly out, F8 (Flyball, 8LD, EV 100.0 MPH)
Batting: LHB Jim Skare 0-0: Called Strike
Bartholomeu Chambino steals 2nd base
0-1: Foul Ball, location: 2F
0-2: Ball
1-2: Ball
2-2: Ball
3-2: Strikes out swinging
Batting: RHB Adriaan Pieters 0-0: Called Strike
0-1: SINGLE (Flyball, 4MD, EV 91.2 MPH)
Bartholomeu Chambino to third
Runner from 3rd tries for Home, throw by CF and OUT! 8-2
Top of the 9th over - 0 runs, 2 hits, 0 errors, 1 left on base; New York 5 - Chicago 2
BOTTOM OF THE 9TH
Chicago White Sox batting - Pitching for New York Yankees : RHP Isaias Chavez
Pitching: LHP Robert Cruz
Batting: RHB Joseph Disepolo 0-0: Foul Ball, location: 2F
0-1: Ball
1-1: Called Strike
1-2: Strikes out swinging
Pinch Hitting: RHB Leo Navarro 0-0: Called Strike
0-1: Called Strike
0-2: Ball
1-2: Ground out 5-3 (Groundball, 56, EV 96.2 MPH)
Batting: RHB Chris Cooper 0-0: Ball
1-0: Foul Ball, location: 2F
1-1: Ball
2-1: Ball
3-1: Base on Balls
Batting: SHB Junzo Kato 0-0: Called Strike
0-1: Foul Ball, location: 2F
0-2: Ball
1-2: Foul Ball, location: 2F
1-2: Foul Ball, location: 2F
1-2: Strikes out swinging
Bottom of the 9th over - 0 runs, 0 hits, 0 errors, 1 left on base; New York 5 - Chicago 2
Tuesday, September 13th , 2022 - OOTP Baseball 23.7 Build 88